Map: [ESL] Alcyone

Players

NightPhoenix

  • Race: Protoss Protoss
  • Spawn Location: 1:00

ForJumy - Winner!

  • Race: Protoss Protoss
  • Spawn Location: 7:00

Event: ESL SC2 Masters 2023 Winter (Regional)

VOD

Have the link to the VOD?

Description

Time

  • Played on: Nov. 2, 2023, 1:10 p.m.
  • Length: 9:54

All games in this series

Show
View Real Time Build Order
Export as new Build Order

NightPhoenix Protoss 

Build Orders: Oracle Opening 

Get SALT Encoding   

  12  0:00  Probe  
  13  0:12  Probe  
  14  0:16  Pylon  
  14  0:24  Probe (Chrono Boost)  
  15  0:36  Gateway, Probe (Chrono Boost)  
  16  0:44  Probe (Chrono Boost)  
  16  0:46  Assimilator  
  17  0:51  Probe  
  17  0:54  Assimilator  
  18  1:03  Probe (Chrono Boost)  
  19  1:07  Gateway  
  19  1:13  Probe (Chrono Boost)  
  19  1:18  Probe (Chrono Boost)  
  20  1:23  Cybernetics Core  
  21  1:29  Probe  
  22  1:34  Pylon  
  22  1:41  Probe  
  23  1:53  Probe  
  24  2:00  Warp Gate, Stalker x2  
  28  2:05  Probe  
  29  2:12  Pylon  
  29  2:22  Stargate  
  29  2:32  Adept x2  
  33  2:42  Shield Battery  
  33  2:56  Shield Battery  
  33  3:03  Oracle (Chrono Boost)  
  32  3:22  Nexus  
  30  3:29  Probe  
  30  3:33  Oracle  
  32  3:43  Probe  
  33  3:49  Stalker x2  
  33  3:55  Probe  
  38  3:58  Pylon  
  38  4:07  Robotics Facility  
  38  4:08  Probe  
  39  4:16  Stalker  
  41  4:21  Stalker  
  43  4:26  Probe (Chrono Boost)  
  44  4:34  Probe (Chrono Boost)  
  46  4:39  Probe (Chrono Boost)  
  46  4:43  Probe (Chrono Boost)  
  46  4:45  Probe (Chrono Boost)  
  48  4:48  Probe (Chrono Boost)  
  49  4:54  Immortal (Chrono Boost)  
  50  5:11  Probe x2  
  50  5:13  Stalker x2  
  52  5:15  Shield Battery  
  52  5:18  Assimilator  
  52  5:23  Probe x2  
  54  5:31  Immortal (Chrono Boost)  
  54  5:34  Pylon  
  54  5:35  Probe  
  59  5:36  Probe  
  60  5:50  Nexus  
  60  5:52  Sentry  
  60  5:55  Shield Battery  
  60  5:56  Probe  
  63  5:58  Probe  
  64  6:07  Twilight Council  
  64  6:08  Observer, Probe  
  64  6:10  Probe  
  67  6:11  Pylon  
  67  6:16  Pylon  
  67  6:20  Probe  
  67  6:22  Probe  
  69  6:29  Gateway x2  
  69  6:35  Probe x2  
  69  6:38  Sentry, Stalker  
  75  6:48  Probe x2  
  77  6:59  Blink (Chrono Boost)  
  77  7:00  Probe x2  
  77  7:01  Pylon  
  83  7:03  Probe  
  73  7:20  Immortal  
  73  7:22  Stalker  
  71  7:30  Pylon  
  69  7:38  Stalker  
  69  7:40  Probe x2 (Chrono Boost)  
  69  7:42  Probe (Chrono Boost)  
  72  7:51  Probe (Chrono Boost)  
  72  7:52  Probe x2 (Chrono Boost)  
  72  7:56  Probe x2 (Chrono Boost)  
  72  7:57  Probe (Chrono Boost)  
  74  8:03  Warp Prism  
  77  8:06  Probe (Chrono Boost)  
  77  8:10  Probe (Chrono Boost)  
  80  8:13  Probe (Chrono Boost)  
  80  8:18  Probe (Chrono Boost)  
  80  8:19  Stalker x2  
  86  8:22  Probe (Chrono Boost)  
  86  8:23  Stalker, Probe (Chrono Boost)  
  86  8:25  Probe (Chrono Boost)  
  86  8:26  Stalker  
  92  8:32  Probe  
  93  8:38  Gateway  
  93  8:39  Gateway  
  93  8:44  Stalker  
  93  8:45  Stalker  
  93  8:48  Stalker  
  98  9:03  Forge  
  98  9:06  Stalker  
  98  9:08  Stalker  
  72  9:27  Stalker x2  
  49  9:40  Adept x4  
  53  9:51  Adept x2  
Show
View Real Time Build Order
Export as new Build Order

ForJumy Protoss - Winner!

Build Orders:  

Get SALT Encoding   

  12  0:00  Probe  
  13  0:12  Probe  
  14  0:16  Pylon  
  14  0:24  Probe  
  15  0:34  Gateway  
  15  0:36  Probe (Chrono Boost)  
  16  0:45  Probe (Chrono Boost)  
  16  0:46  Assimilator  
  17  0:50  Probe (Chrono Boost)  
  17  0:55  Assimilator  
  18  1:02  Probe (Chrono Boost)  
  19  1:07  Gateway  
  19  1:13  Probe (Chrono Boost)  
  19  1:18  Probe (Chrono Boost)  
  20  1:23  Cybernetics Core  
  21  1:29  Probe  
  22  1:33  Pylon  
  22  1:41  Probe  
  23  1:53  Probe  
  24  1:59  Adept x2  
  24  2:00  Warp Gate (Chrono Boost)  
  28  2:05  Probe  
  29  2:10  Pylon  
  29  2:18  Probe  
  30  2:23  Pylon  
  30  2:30  Probe  
  31  2:39  Stalker  
  31  2:40  Stalker  
  31  2:42  Probe  
  36  2:56  Probe  
  36  3:14  Nexus  
  36  3:17  Pylon  
  32  3:31  Twilight Council  
  32  3:35  Shield Battery, Probe  
  33  3:43  Stalker x2  
  33  3:47  Probe  
  36  3:52  Pylon  
  36  3:59  Probe  
  37  4:05  Blink (Chrono Boost)  
  37  4:09  Sentry  
  39  4:12  Stalker  
  39  4:14  Probe (Chrono Boost)  
  42  4:25  Shield Battery  
  42  4:26  Probe (Chrono Boost)  
  42  4:29  Probe (Chrono Boost)  
  44  4:35  Probe (Chrono Boost)  
  44  4:36  Probe (Chrono Boost)  
  44  4:38  Stalker  
  48  4:41  Probe  
  48  4:42  Probe  
  50  4:47  Stalker  
  52  4:54  Probe  
  49  5:01  Probe  
  49  5:05  Stalker  
  44  5:07  Probe  
  44  5:13  Dark Shrine, Probe (Chrono Boost)  
  47  5:24  Probe (Chrono Boost)  
  47  5:25  Probe (Chrono Boost)  
  48  5:29  Nexus  
  48  5:33  Probe (Chrono Boost)  
  48  5:34  Probe (Chrono Boost)  
  50  5:43  Gateway, Probe x2  
  50  5:47  Stalker  
  54  5:54  Gateway  
  54  5:55  Probe  
  55  5:58  Pylon  
  55  6:01  Pylon  
  55  6:07  Stalker  
  55  6:08  Probe x2  
  59  6:15  Stalker  
  61  6:18  Assimilator  
  61  6:20  Probe  
  61  6:23  Probe  
  63  6:27  Shield Battery  
  63  6:30  Dark Templar  
  63  6:32  Probe (Chrono Boost)  
  66  6:36  Probe (Chrono Boost)  
  66  6:37  Dark Templar  
  69  6:40  Dark Templar  
  69  6:41  Probe (Chrono Boost)  
  69  6:46  Forge  
  73  6:50  Probe (Chrono Boost)  
  73  6:52  Probe (Chrono Boost)  
  73  6:53  Probe (Chrono Boost)  
  73  6:57  Probe x2 (Chrono Boost)  
  73  7:00  Probe, Charge  
  76  7:08  Probe x2  
  77  7:12  Probe  
  77  7:13  Protoss Ground Weapons Level 1 (Chrono Boost)  
  79  7:20  Stalker x4, Probe  
  82  7:23  Probe  
  82  7:24  Probe  
  84  7:33  Gateway  
  84  7:36  Probe  
  81  7:40  Gateway  
  79  7:49  Stalker x4  
  79  7:50  Probe  
  79  7:51  Robotics Facility  
  88  7:54  Gateway  
  88  7:56  Pylon  
  88  7:57  Assimilator  
  88  8:01  Probe  
  89  8:07  Probe  
  90  8:19  Pylon  
  90  8:20  Nexus  
  90  8:21  Pylon  
  90  8:23  Stalker x2, Pylon  
  90  8:24  Probe  
  95  8:27  Probe  
  95  8:29  Assimilator  
  95  8:33  Probe  
  97  8:35  Pylon  
  97  8:36  Probe  
  97  8:39  Gateway  
  97  8:40  Observer  
  99  8:43  Probe  
  101  8:48  Probe  
  101  8:51  Robotics Bay  
  101  8:55  Zealot x3, Probe  
  105  9:00  Zealot x2  
  108  9:03  Zealot x2  
  112  9:10  Immortal (Chrono Boost)  
  112  9:16  Stalker  
  114  9:20  Zealot  
  114  9:21  Zealot  
  114  9:24  Zealot  
  109  9:31  Probe  
  98  9:32  Zealot x2  
  98  9:33  Probe  
  85  9:48  Stalker x3  
Tags
 
Add a new tag
Caveats
  • Supply blocks, unpowered buildings, or Contaminate may cause inaccurate times.
  • Supply counts are checked every 10 seconds.